 Dungeon Crawl Stone Soup version 0.23-a0-608-g7a20e1320a (webtiles) character file.

18835 Jannitor the Cleaver (level 10, -5/92 HPs)
             Began as a Hill Orc Chaos Knight on Dec 21, 2018.
             Was an Initiate of Beogh.
             Slain by a dire elephant (22 damage)
             ... on level 3 of the Abyss.
             The game lasted 00:16:41 (10730 turns).

Jannitor the Cleaver (Hill Orc Chaos Knight)       Turns: 10730, Time: 00:16:42

Health: -5/92      AC: 16    Str: 19      XL:     10   Next: 80%
Magic:  15/15      EV: 14    Int: 14      God:    Beogh [......]
Gold:   282        SH:  0    Dex: 19 (20) Spells: 9/9 levels left

rFire    + + +     SeeInvis .   a - +1 hand axe (chaos)
rCold    . . .     Gourm    .   (no shield)
rNeg     . . .     Faith    .   q - +1 plate armour
rPois    .         Spirit   .   (helmet restricted)
rElec    .         Reflect  .   (no cloak)
rCorr    .         Harm     .   (no gloves)
MR       .....                  B - +0 pair of boots
Stlth    ..........             d - amulet of Iliyx {RegenMP rF+ Int+2 Dex+3}
HPRegen  0.25/turn              f - ring of protection from fire
MPRegen  0.39/turn              y - ring of protection from fire

@: confused, agile, very slightly contaminated, hasted, very quick
A: antennae 1, agile 1, deterioration 1
}: 1/15 runes: abyssal
a: Renounce Religion


You were on level 3 of the Abyss.
You worshipped Beogh.
Beogh was noncommittal.
You were not hungry.

You visited 2 branches of the dungeon, and saw 10 of its levels.
You visited the Abyss 1 time.

You collected 387 gold pieces.
You spent 105 gold pieces at shops.

Inventory:

Hand Weapons
 a - a +1 hand axe of chaos (weapon)
Armour
 q - a +1 plate armour (worn)
 B - a +0 pair of boots (worn)
Jewellery
 d - the amulet of Iliyx (around neck) {RegenMP rF+ Int+2 Dex+3}
   (You found it on level 4 of the Dungeon)

   [amulet of magic regeneration]

   It increases your magic regeneration.
   It affects your intelligence (+2).
   It affects your dexterity (+3).
   It protects you from fire.
 f - a ring of protection from fire (left hand)
 n - an uncursed amulet of guardian spirit {unknown}
 o - an uncursed ring of resist corrosion
 u - an uncursed ring of see invisible
 x - a +4 amulet of reflection
 y - a ring of protection from fire (right hand)
Wands
 p - a wand of digging (3)
 w - a wand of iceblast (8)
Scrolls
 b - a scroll of fear
 g - a scroll of remove curse
 h - 7 scrolls of teleportation
 j - 8 scrolls of identify
 s - a scroll of magic mapping
 z - a scroll of enchant weapon
 A - 2 scrolls of enchant armour
Potions
 e - 2 potions of heal wounds
 i - a potion of resistance {unknown}
 l - 2 potions of curing
 r - a potion of haste
 v - 2 potions of lignification
Comestibles
 c - 16 rations


   Skills:
 + Level 9.7 Fighting
 + Level 10.5 Axes
 + Level 8.4 Armour
 - Level 5.0 Dodging
 + Level 6.9 Evocations


You had 9 spell levels left.
You didn't know any spells.
Your spell library contained the following spells:

 Spells                   Type           Power        Failure   Level  Hunger
 Animate Skeleton         Necr           N/A          100%        1    ##.....
 Apportation              Tloc           #.....       100%        1    ##.....
 Confusing Touch          Hex            #.....       100%        1    ##.....
 Corona                   Hex            #......      100%        1    ##.....
 Summon Small Mammal      Summ           #...         100%        1    ##.....
 Slow                     Hex            #.......     100%        2    ###....
 Inner Flame              Hex/Fire       #.......     100%        3    ####...
 Portal Projectile        Hex/Tloc       #.....       100%        3    ####...
 Stone Arrow              Conj/Erth      #.....       100%        3    ####...
 Cause Fear               Hex            #.........   100%        4    #####..
 Force Lance              Conj/Tloc      #.......     100%        4    #####..
 Leda's Liquefaction      Hex/Erth       #.........   100%        4    #####..
 Bolt of Draining         Conj/Necr      #.........   100%        5    ######.
 Silence                  Hex/Air        #.........   100%        5    ######.
 Venom Bolt               Conj/Pois      #.........   100%        5    ######.
 Yara's Violent Unravell  Hex/Tmut       #.........   100%        5    ######.
 Deflect Missiles         Chrm/Air       #.........   100%        6    #######
 Orb of Destruction       Conj           #.........   100%        7    #######
 Discord                  Hex            #.........   100%        8    #######
 Tornado                  Air            #.........   100%        9    #######


Dungeon Overview and Level Annotations

Branches:
Dungeon (9/15)             Temple (1/1) D:7            Lair (0/6) D:9
    Orc: D:9-12

Altars:
Ashenzari
Cheibriados
Dithmenos
Elyvilon
Fedhas
Gozag
Hepliaklqana
Kikubaaqudgha
Makhleb
Nemelex Xobeh
Okawaru
Qazlal
Ru
Sif Muna
Trog
Uskayaw
Vehumet
Wu Jian
Xom
Yredelemnul
Zin
The Shining One

Shops:
D:5 ?   D:7 *

Annotations:
D:5 3 runed doors, twirl's ghost, novice GrFi
D:9 3 runed doors, Gall2222's ghost, journeyman HaCK


Innate Abilities, Weirdness & Mutations

You have a pair of small antennae on your head.
You are agile. (Dex +2)
Your body sometimes deteriorates upon taking damage.


Message History

You hold your ground!
The dire elephant trunk-slaps you!
* * * LOW HITPOINT WARNING * * *
The spatial vortex barely misses you.
The hellephant is engulfed in noxious fumes.
The hellephant blinks!
The spatial vortex misses you. The spatial vortex barely misses you.
A spatial vortex comes into view.
Unknown command.
Press < or > to pray at altars.
You're too confused!
Unknown command.
Press < or > to pray at altars.
You feel better.
You are engulfed in noxious fumes.
You choke on the stench!
You are confused.
* * * LOW HITPOINT WARNING * * *
The red draconian shifter blinks!
The spatial maelstrom misses you.
The spatial maelstrom hits you but does no damage.
The dire elephant is engulfed in noxious fumes.
The dire elephant tramples you!!
You die...

≈ ≈.. . #≈≈≈ ≈≈ . ≈
#≈≈≈≈ ≈ ..# .≈ ≈ ≈
. # . . §§≈≈≈§ .#.
#§Y§≈§ §#... §§
#####.Y ≈≈≈.
§§v.#v§v#..§ ≈≈#..
§§.8.v@v# YY§≈≈
§§≈§§.qYv#§§ ≈§§§.#
§§§.#vY8#§§≈≈§ ###
≈≈§Y.##Y##Y.≈ ≈§..#
. §§§§.§#Y#Y.§≈v≈≈
# #≈≈§≈v§Y..Y.v§#
≈≈.... #.
≈≈≈§≈.vY≈≈##≈≈.## #
#..≈§≈≈≈§≈≈≈##≈§..#
# #≈.§
≈≈≈≈§≈§#≈§..≈#...


You could see a hellephant, 4 dire elephants, a yellow draconian shifter, a
spatial maelstrom, 2 elephants and 7 spatial vortices.

Vanquished Creatures
  A spiny frog (shapeshifter) (D:8)
  A hippogriff (D:7)
  A hornet (D:9)
  7 yaks
  A hungry ghost (D:7)
  2 wargs (D:9)
  2 soldier ants (D:9)
  Edmund (D:4)
  An orc warrior (D:8)
  A porcupine (D:9)
  An ice beast (D:8)
  A sky beast (D:8)
  A black bear (D:9)
  4 ogres
  A boggart (D:7)
  A phantom (D:4)
  A necrophage (D:9)
  2 centaurs (D:5)
  A big kobold (D:9)
  Blork the orc (D:6)
  2 bullfrogs
  4 scorpions
  3 howler monkeys
  A crimson imp (D:7)
  A bullfrog zombie (D:5)
  2 quasits
  5 hounds
  A jelly (D:8)
  An orc priest (D:9)
  3 orc wizards
  2 iguanas
  5 worker ants
  10 adders
  6 gnolls
  A shadow imp (D:8)
  2 oozes
  2 adder zombies
  2 worms (D:3)
  A dart slug (D:1)
  5 leopard geckos
  6 orcs
  5 ball pythons
  8 giant cockroaches
  6 hobgoblins
  12 jackals
  3 quokkas
  9 bats
  9 frilled lizards
  4 goblins
  A jackal zombie (D:8)
  8 kobolds
  2 quokka zombies
  4 rats
168 creatures vanquished.

Vanquished Creatures (collateral kills)
  3 yaks (D:9)
  A crocodile (D:7)
  A bullfrog skeleton (D:4)
5 creatures vanquished.

Vanquished Creatures (others)
  A hell hog (Abyss:3)
  A phantom (D:6)
  A gnoll (D:8)
  2 fire vortices (D:7)
  A fungus (D:5)
  3 plants (D:5)
  8 starspawn tentacles (Abyss:3)
17 creatures vanquished.

Grand Total: 190 creatures vanquished

Notes
Turn   | Place    | Note
-------+----------+-------------------------------------------
     0 | D:1      | Jannitor the Hill Orc Chaos Knight began the quest for the
                  | Orb.
     0 | D:1      | Reached XP level 1. HP: 19/19 MP: 1/1
    63 | D:1      | Reached skill level 1 in Dodging
    68 | D:1      | Reached XP level 2. HP: 27/27 MP: 2/2
   151 | D:1      | XOM: divination: detect creatures
   229 | D:1      | XOM: silly message
   294 | D:1      | Reached XP level 3. HP: 33/33 MP: 3/3
   329 | D:1      | XOM: 1-stop teleportation journey
   356 | D:1      | XOM: god gift: scroll labeled HEC WEMAETIRO {god gift}
   585 | D:1      | XOM: scenery: 1 doors open
  1028 | D:2      | Noticed a steam dragon
  1028 | D:2      | a worm changed into a steam dragon
  1028 | D:2      | XOM: polymorph worm -> steam dragon
  1029 | D:2      | Gained mutation: You are agile. (Dex +2) [potion of
                  | mutation]
  1029 | D:2      | Gained mutation: You occasionally shout uncontrollably at
                  | your foes. [potion of mutation]
  1029 | D:2      | Lost mutation: You are agile. (Dex +2) [potion of mutation]
  1029 | D:2      | Gained mutation: You are agile. (Dex +2) [potion of
                  | mutation]
  1030 | D:2      | XOM: summons friendly quasit
  1364 | D:2      | Reached XP level 4. HP: 38/41 MP: 4/4
  1569 | D:3      | Found a faded altar of an unknown god.
  1601 | D:3      | Reached skill level 5 in Axes
  1608 | D:3      | Reached XP level 5. HP: 27/47 MP: 5/5
  1624 | D:3      | XOM: noise
  1659 | D:3      | XOM: god gift: leather armour {god gift}
  1779 | D:3      | XOM: divination: detect items
  1943 | D:3      | XOM: god gift: wand of clouds (4)
  2029 | D:3      | XOM: cloud trail
  2059 | D:3      | XOM: summons friendly white imp
  2251 | D:3      | XOM: polymorph white imp -> ufetubus
  2358 | D:4      | Reached skill level 5 in Fighting
  2358 | D:4      | Reached skill level 1 in Evocations
  2358 | D:4      | Reached XP level 6. HP: 25/56 MP: 6/6
  2608 | D:4      | XOM: confusion
  2614 | D:4      | XOM: cast spell 'Summon Dragon'
  2777 | D:4      | XOM: medium Tloc miscast
  2903 | D:4      | Noticed a phantom
  2910 | D:4      | XOM: mild Conj miscast
  2914 | D:4      | XOM: medium Tloc miscast
  2921 | D:4      | Got a bound silver amulet
  2922 | D:4      | Identified the amulet of Iliyx {RegenMP rF+ Int+2 Dex+3}
                  | (You found it on level 4 of the Dungeon)
  2932 | D:4      | XOM: harmless Fire miscast
  2933 | D:4      | XOM: swap monsters
  3217 | D:4      | XOM: chaos cloud
  3220 | D:4      | XOM: give mutations
  3220 | D:4      | Gained mutation: Your body sometimes deteriorates upon
                  | taking damage. [Xom's mischief]
  3220 | D:4      | Lost mutation: You occasionally shout uncontrollably at
                  | your foes. [Xom's mischief]
  3225 | D:4      | XOM: summons 1 hostile demon
  3474 | D:4      | XOM: mild Ice miscast
  3486 | D:4      | Killed a phantom
  3527 | D:4      | XOM: give mutation
  3527 | D:4      | Gained mutation: You have a pair of small antennae on your
                  | head. [Xom's mischief]
  3628 | D:4      | Noticed Edmund
  3647 | D:4      | XOM: silly message
  3648 | D:4      | Killed Edmund
  3648 | D:4      | Reached skill level 6 in Axes
  3648 | D:4      | Reached XP level 7. HP: 61/61 MP: 8/8
  3827 | D:4      | XOM: mild Air miscast
  4032 | D:5      | Entered Level 5 of the Dungeon
  4054 | D:5      | Found Uqouvo's Magic Scroll Boutique.
  4063 | D:5      | Bought a scroll of blinking for 105 gold pieces
  4132 | D:5      | XOM: cloud trail
  4309 | D:5      | XOM: summons friendly shadow imp
  4310 | D:5      | XOM: summons friendly white imp
  4565 | D:5      | Found a deep blue altar of Sif Muna.
  5011 | D:5      | Found a runed gate.
  5011 | D:5      | Found a runed gate.
  5011 | D:5      | Found a runed gate.
  5018 | D:5      | Noticed twirl's ghost (novice GrFi)
  5081 | D:6      | XOM: confuse monster(s)
  5084 | D:6      | XOM: cleaving
  5098 | D:6      | XOM: destruction
  5114 | D:5      | Reached XP level 8. HP: 30/70 MP: 10/10
  5309 | D:6      | Reached skill level 5 in Armour
  5407 | D:6      | Reached skill level 7 in Axes
  5722 | D:6      | XOM: scenery: create altars
  5740 | D:6      | XOM: 1-stop teleportation journey
  5834 | D:6      | Noticed Blork the orc
  5843 | D:6      | Killed Blork the orc
  5973 | D:7      | XOM: enchant monster (good)
  6023 | D:7      | Found a staircase to the Ecumenical Temple.
  6023 | D:7      | Noticed a hippogriff
  6023 | D:7      | XOM: destruction
  6041 | D:7      | Killed a hippogriff
  6065 | Temple   | Entered the Ecumenical Temple
  6425 | D:7      | Reached XP level 9. HP: 54/79 MP: 12/12
  6550 | D:7      | XOM: confuse monster(s)
  6656 | D:7      | XOM: 3-stop teleportation journey
  6901 | D:7      | Reached skill level 8 in Axes
  6971 | D:7      | Found Modwaacu's General Store.
  7178 | D:7      | XOM: mild Pois miscast
  7213 | D:7      | XOM: medium Ice miscast
  7344 | D:8      | Noticed Joseph
  7344 | D:8      | XOM: noise
  7365 | D:8      | Noticed Joseph
  7365 | D:8      | Joseph changed into Joseph the spiny frog
  7367 | D:8      | Killed Joseph the spiny frog
  7508 | D:8      | Identified Xom's Handbook of Serendipity (Xom gifted it to
                  | you on level 8 of the Dungeon)
  7508 | D:8      | XOM: god gift: Xom's Handbook of Serendipity
  7590 | D:8      | XOM: fog
  7654 | D:8      | XOM: divination: detect creatures
  7871 | D:8      | Found an iron altar of Okawaru.
  8010 | D:8      | XOM: confuse monster(s)
  8069 | D:8      | XOM: potion effect (brilliance)
  8087 | D:8      | XOM: enchant monster (good)
  8224 | D:8      | XOM: summons 3 friendly demons
  8227 | D:8      | Reached skill level 5 in Evocations
  8470 | D:8      | Reached skill level 9 in Axes
  8470 | D:8      | Reached skill level 5 in Dodging
  9056 | D:8      | XOM: divination: detect items
  9107 | D:9      | Reached XP level 10. HP: 90/90 MP: 14/14
  9119 | D:9      | XOM: summons 9 friendly demons
  9132 | D:9      | XOM: cloud trail
  9138 | D:9      | XOM: 1-stop teleportation journey
  9377 | D:9      | Found a runed gate.
  9377 | D:9      | Found a runed gate.
  9377 | D:9      | Found a runed gate.
  9377 | D:9      | Noticed Gall2222's ghost (journeyman HaCK)
  9480 | D:9      | XOM: polymorph warg -> porcupine
  9744 | D:9      | Reached skill level 10 in Axes
 10053 | D:9      | Paralysed by a hornet for 1 turns
 10055 | D:9      | XOM: enchant monster (good)
 10102 | D:9      | XOM: mild Tmut miscast
 10106 | D:9      | XOM: 7-stop teleportation journey
 10235 | D:9      | XOM: god gift: 2 scrolls labeled MOZOIN XUGOUH {god gift}
 10349 | D:9      | XOM: scenery: create altars
 10360 | D:9      | XOM: scenery: create altars
 10486 | D:9      | Fell from the grace of Xom
 10486 | D:9      | Became a worshipper of Beogh the Brigand
 10502 | D:9      | Found a staircase to the Lair.
 10585 | D:9      | XOM: chaos cloud
 10634 | D:9      | XOM: medium Tloc miscast
 10635 | D:9      | Cast into level 3 of the Abyss (the capriciousness of Xom)
 10655 | Abyss:3  | Noticed a hell hog
 10668 | Abyss:3  | Noticed a hell hog
 10686 | Abyss:3  | Killed a hell hog
 10687 | Abyss:3  | Noticed a tentacled starspawn
 10711 | Abyss:3  | Noticed a dire elephant
 10711 | Abyss:3  | Noticed a dire elephant
 10712 | Abyss:3  | Noticed a hellephant
 10713 | Abyss:3  | Noticed a dire elephant
 10719 | Abyss:3  | Noticed a dire elephant
 10719 | Abyss:3  | Noticed a dire elephant
 10720 | Abyss:3  | Noticed an elephant
 10720 | Abyss:3  | Noticed a dire elephant
 10722 | Abyss:3  | Noticed an elephant
 10726 | Abyss:3  | Found a corrupted altar of Lugonu.
 10726 | Abyss:3  | Noticed a yellow draconian shifter
 10726 | Abyss:3  | Noticed a spatial maelstrom
 10726 | Abyss:3  | Noticed a hellephant
 10726 | Abyss:3  | Noticed a dire elephant
 10729 | Abyss:3  | Noticed a red draconian shifter
 10729 | Abyss:3  | Got an abyssal rune of Zot
 10730 | Abyss:3  | Slain by a dire elephant

Vault maps used:
D:1:      shiori_arrival_elements
D:2:      first_ration
D:3:      chequers_ecumenical_altar_simple
D:4:      uniq_edmund
D:5:      gammafunk_ghost_nasty_kobolds, serial_shops, shop, led_sif_pool
D:6:      uniq_blork_the_orc
D:7:      minmay_temple_entry_junction, serial_shops,
          nicolae_shop_temple_entry_statues_fountains, minmay_lizard_king
D:8:      okawaru_trees_1, uniq_joseph
D:9:      erik_lair_orcish_takeover, ebering_ghost_rock_garden,
          hangedman_pestilent_swarm
Temple:   grunt_wide_crystal_templ
Abyss:3:  evilmike_abyss_exit_10, evilmike_abyss_exit_glass

Skill      XL: |  1  2  3  4  5  6  7  8  9 10 |
---------------+-------------------------------+-----
Dodging        | 1 2 3 4 5 |  5.0
Fighting       | 4 5 6 7 8 9 |  9.7
Armour         | 3 4 5 7 8 |  8.4
Axes           | 5 6 7 9 10 | 10.5
Evocations     | 1 2 4 5 6 |  6.9

Action                   |  1- 3 |  4- 6 |  7- 9 | 10-12 || total
-------------------------+-------+-------+-------+-------++-------
Melee: Hand axe          |   114 |   177 |   385 |   188 ||   864
Invok: Convert to Beogh  |       |       |       |     1 ||     1
Evoke: Wand              |       |       |     2 |     4 ||     6
  Use: Potion            |     1 |     1 |       |     6 ||     8
       Scroll            |       |     2 |     4 |     8 ||    14
 Stab: Paralysed         |       |     2 |     5 |       ||     7
       Petrifying        |       |     2 |     1 |     1 ||     4
       Invisible         |       |     1 |       |       ||     1
       Petrified         |       |       |     6 |     2 ||     8
       Confused          |       |       |     8 |       ||     8
       Distracted        |       |       |     1 |       ||     1
  Eat: Chunk             |     2 |     4 |    15 |     3 ||    24
       Ration            |       |     1 |     2 |     1 ||     4
Armor: Leather armour    |    16 |       |       |       ||    16
       Ring mail         |    34 |    62 |    86 |       ||   182
       Skin              |       |     4 |       |       ||     4
       Plate armour      |       |       |     6 |   116 ||   122
Dodge: Dodged            |    87 |    99 |   228 |    81 ||   495
Block: Other             |       |       |       |    29 ||    29
       Reflection        |       |       |       |     1 ||     1

Table legend:
 A = Non-vault XP
 B = Vault XP
 C = Vault XP percentage of total XP
 D = Non-vault monster count
 E = Vault monster count
 F = Vault count percentage of total count
                 A         B        C        D         E       F
            +---------+---------+-------+---------+---------+-------
      Total |    6362 |    1975 |  23.7 |     155 |      21 |  11.9
            +---------+---------+-------+---------+---------+-------
        D:1 |      49 |       0 |   0.0 |      28 |       0 |   0.0
        D:2 |      40 |       0 |   0.0 |       9 |       0 |   0.0
        D:3 |     129 |       0 |   0.0 |      26 |       0 |   0.0
        D:4 |     382 |     147 |  27.8 |      10 |       1 |   9.1
        D:5 |     502 |       0 |   0.0 |      14 |       0 |   0.0
        D:6 |     257 |      94 |  26.8 |       9 |       1 |  10.0
        D:7 |     901 |     136 |  13.1 |      10 |       7 |  41.2
        D:8 |    1554 |     403 |  20.6 |      25 |       1 |   3.8
        D:9 |    1848 |    1195 |  39.3 |      23 |      11 |  32.4
    Abyss:3 |     700 |       0 |   0.0 |       1 |       0 |   0.0
            +---------+---------+-------+---------+---------+-------
